 Dungeon Sprint DCSS version 0.23.2-1-ga50397a6bc (webtiles) character file.

Game seed: 5510347082012587275

637 Kobolds4U the Imperceptible (level 7, -3/33 HPs)
             Began as a Spriggan Assassin on May 23, 2019.
             Was an Initiate of Okawaru.
             Slain by a red devil
             ... wielding a +0 demon trident
             ... summoned by a kobold demonologist
              (20 damage)
             ... while paralysed by a floating eye
             ... in the Dungeon (Sprint I: "Red Sonja").
             The game lasted 00:01:51 (170 turns).

Kobolds4U the Imperceptible (Spriggan Assassin)      Turns: 170, Time: 00:01:52

Health: -3/33      AC:  3    Str:  7    XL:     7   Next: 25%
Magic:  8/8        EV:  4    Int: 12    God:    Okawaru [......]
Gold:   185        SH:  0    Dex: 20    Spells: 6/6 levels left

rFire    . . .     SeeInvis +   a - +2 dagger (drain)
rCold    . . .     Gourm    .   (shield restricted)
rNeg     . . .     Faith    .   c - +0 robe
rPois    .         Spirit   .   (helmet restricted)
rElec    .         Reflect  .   d - +0 cloak
rCorr    .         Harm     .   (gloves unavailable)
MR       +....     NoTele   +   (boots unavailable)
Stlth    ++++++++..             (no amulet)
HPRegen  0.11/turn              (no ring)
MPRegen  0.11/turn              (no ring)

@: paralysed, very quick
A: very small, unfitting armour, see invisible, herbivore, speed 3, slow
metabolism 2
a: Renounce Religion


You were in the Dungeon.
You worshipped Okawaru.
Okawaru was noncommittal.
You were not hungry.

You visited 1 branch You collected 405 gold pieces.
You spent 220 gold pieces at shops.

Inventory:

Hand Weapons
 a - a +2 dagger of draining (weapon)
 b - a +0 blowgun
 p - a +1 shortbow of flaming
Missiles
 e - 8 poisoned needles
 f - a curare-tipped needle
Armour
 c - a +0 robe (worn)
 d - a +0 cloak (worn)
Wands
 n - a wand of random effects (33)
Scrolls
 m - a scroll of blinking
 q - a scroll of identify {unknown}
Potions
 h - a potion of curing
 i - a potion of heal wounds
 j - a potion of haste
 k - 2 potions of magic
 l - a potion of berserk rage
 o - a potion of lignification {unknown}
Comestibles
 g - 2 rations


   Skills:
 - Level 1.5 Fighting
 - Level 2.1 Short Blades
 - Level 2.0 Throwing
 - Level 1.5 Dodging
 + Level 21.9 Stealth


You had 6 spell levels left.
You didn't know any spells.
Your spell library was empty.

Dungeon Overview and Level Annotations

Branches:
Dungeon (1/1)

Altars:
Cheibriados
Dithmenos
Elyvilon
Fedhas
Gozag
Hepliaklqana
Kikubaaqudgha
Makhleb
Nemelex Xobeh
Okawaru
Qazlal
Ru
Sif Muna
Trog
Uskayaw
Vehumet
Wu Jian
Xom
Yredelemnul
Zin
The Shining One
Jiyva
Lugonu

Shops:
D (


Innate Abilities, Weirdness & Mutations

You are very small and have problems with some larger weapons.
You are too small for most types of armour.
You have supernaturally acute eyesight. (SInv)
You are a herbivore.
You cover ground extremely quickly.
You need to consume almost no food.


Message History

You hit the kobold demonologist but do no damage.
The floating eye gazes piercingly through you!
You suddenly lose the ability to move!
The kobold demonologist mumbles some strange words.
The kobold demonologist hits you but does no damage.
The kobold demonologist gestures wildly while chanting.
The floating eye seems to glare at you.
The red devil hits you from afar with a +0 demon trident.
The ynoxinul gestures.
The kobold demonologist hits you with a +0 dagger.
The kobold demonologist casts a spell.
The red devil hits you from afar with a +0 demon trident!
The kobold demonologist hits you with a +0 dagger.
The floating eye gazes piercingly through you!
You shrug off the repeated paralysis!
The ynoxinul gestures.
The kobold demonologist hits you but does no damage.
The red devil hits you from afar with a +0 demon trident!!
Ouch! That really hurt!
You die...

#####################
['..#.)'..#__#..@GK5#
.#..'..#..'..'..#K35#
###'#####'#__####455+
##..#...#.#### #####
_####..##.#
____##'#_.+
.∩..†'..._#
..__##_.#'#
____###+#[#


You could see 2 kobold demonologists, a ynoxinul, a red devil, a floating eye, a
quasit, a crimson imp and 2 ufetubi.

Vanquished Creatures
  A slime creature (D)
  Sigmund (D)
  A yak (D)
  An ogre (D)
  A jelly (D)
  Ijyb (D)
6 creatures vanquished.

Notes
Turn   | Place    | Note
-------+----------+-------------------------------------------
     0 | D        | Kobolds4U the Spriggan Assassin began the quest for the
                  | Orb.
     0 | D        | Reached XP level 1. HP: 10/10 MP: 2/2
     1 | D        | Noticed Ijyb
     4 | D        | Killed Ijyb
     4 | D        | Reached skill level 10 in Stealth
     4 | D        | Reached XP level 2. HP: 14/14 MP: 3/3
     7 | D        | Noticed an ogre
    40 | D        | Killed an ogre
    40 | D        | Reached skill level 14 in Stealth
    40 | D        | Reached XP level 3. HP: 18/18 MP: 4/4
    40 | D        | Reached XP level 4. HP: 22/22 MP: 5/5
    60 | D        | Noticed Sigmund
    63 | D        | Killed Sigmund
    63 | D        | Reached skill level 18 in Stealth
    63 | D        | Reached XP level 5. HP: 25/25 MP: 6/6
    76 | D        | Found a burning altar of Makhleb.
    76 | D        | Found a viscous altar of Jiyva.
    76 | D        | Found a shimmering altar of Xom.
    76 | D        | Found a corrupted altar of Lugonu.
    76 | D        | Noticed a slime creature
    79 | D        | Killed a slime creature
    79 | D        | Reached skill level 20 in Stealth
    79 | D        | Reached XP level 6. HP: 30/30 MP: 7/7
    81 | D        | Found an ornate altar of the Wu Jian Council.
    81 | D        | Found a deep blue altar of Sif Muna.
    83 | D        | Found a radiant altar of Vehumet.
    90 | D        | Found Lott's Antique Weapon Emporium.
    90 | D        | Found an ancient bone altar of Kikubaaqudgha.
    90 | D        | Found a hazy altar of Hepliaklqana.
    90 | D        | Found a stormy altar of Qazlal.
    90 | D        | Found a hide-covered altar of Uskayaw.
    90 | D        | Found a blossoming altar of Fedhas.
    90 | D        | Found a bloodstained altar of Trog.
    90 | D        | Found an iron altar of Okawaru.
    90 | D        | Found a basalt altar of Yredelemnul.
    90 | D        | Found a glowing golden altar of the Shining One.
    90 | D        | Found a snail-covered altar of Cheibriados.
    90 | D        | Found a sacrificial altar of Ru.
    90 | D        | Found a glowing silver altar of Zin.
    90 | D        | Found a shadowy altar of Dithmenos.
    90 | D        | Found a white marble altar of Elyvilon.
    90 | D        | Noticed a yak
    91 | D        | Found an opulent altar of Gozag.
    92 | D        | Killed a yak
    92 | D        | Reached skill level 21 in Stealth
    92 | D        | Reached XP level 7. HP: 33/33 MP: 8/8
    93 | D        | Found a sparkling altar of Nemelex Xobeh.
   130 | D        | Bought a glowing shortbow for 120 gold pieces
   130 | D        | Bought a runed dagger for 100 gold pieces
   134 | D        | Became a worshipper of Warmaster Okawaru
   161 | D        | Noticed a kobold demonologist
   162 | D        | Noticed a kobold demonologist
   166 | D        | Noticed a ynoxinul
   166 | D        | Paralysed by a floating eye for 4 turns
   167 | D        | Noticed a red devil
   170 | D        | Slain by a red devil

Skill      XL: |  1  2  3  4  5  6 |
---------------+-------------------+-----
Stealth        | 10 14 18 20 21 | 21.9
Fighting       | |  1.5
Short Blades   | |  2.1
Throwing       | |  2.0
Dodging        | |  1.5

Action                   |  1- 3 |  4- 6 |  7- 9 || total
-------------------------+-------+-------+-------++-------
Melee: Dagger            |     4 |     4 |     2 ||    10
 Fire: Blowgun           |     2 |       |       ||     2
 Stab: Sleeping          |     1 |     4 |       ||     5
Armor: Robe              |       |       |     1 ||     1
Dodge: Dodged            |     3 |       |     1 ||     4
